 Dungeon Crawl Stone Soup version 0.29.1-1-gd02db6906a (webtiles) character file.

Game seed: 2251785430116408707

19 Hadkhar the Grasshopper (level 2, -1/15 HPs)
             Began as a Spriggan Warper on Sept 28, 2022.
             Slain by a kobold
             ... wielding a +0 whip
              (4 damage)
             ... on level 1 of the Dungeon.
             The game lasted 00:05:19 (868 turns).

Hadkhar the Grasshopper (Spriggan Warper)            Turns: 868, Time: 00:05:20

Health: -1/15      AC:  2    Str:  7    XL:     2   Next: 55%
Magic:  6/6        EV: 18    Int: 14    God:
Gold:   27         SH:  0    Dex: 14    Spells: 6/6 levels left

rFire   . . .      SeeInvis +   k - +0 dagger
rCold   . . .      Faith    .   (no shield)
rNeg    . . .      Spirit   .   b - +0 robe
rPois   .          Reflect  .   (helmet restricted)
rElec   .          Harm     .   (no cloak)
rCorr   .          Rampage  .   (gloves unavailable)
Will    .....                   (boots unavailable)
Stlth   ++........              (no amulet)
HPRegen 0.05/turn               (no ring)
MPRegen 0.10/turn               (no ring)

@: very quick
A: very small, no large weapons, unfitting armour, see invisible, speed 3
a: no special abilities


You were on level 1 of the Dungeon.
You visited 1 branch of the dungeon, and saw 1 of its levels.

You collected 27 gold pieces.

Inventory:

Hand Weapons
 a - a +0 short sword
 k - a +0 dagger (weapon)
Missiles
 d - 7 boomerangs of dispersal (quivered)
Armour
 b - a +0 robe (worn)
Scrolls
 c - a scroll of blinking
 h - a scroll of teleportation {unknown}
 i - a scroll of identify {unknown}
 j - a scroll of acquirement {unknown}
Potions
 e - 4 potions of curing {unknown}
 f - a potion of heal wounds {unknown}
 g - a potion of lignification {unknown}


   Skills:
 + Level 1.9 Fighting
 + Level 2.6 Short Blades
 - Level 1.0 Throwing
 + Level 3.6 Dodging
 + Level 1.5 Stealth
 - Level 2.6 Spellcasting
 - Level 4.4 Translocations


You had 6 spell levels left.
You didn't know any spells.
Your spell library contained the following spells:

 Spells                   Type           Power      Damage    Failure   Level
 Blink                    Tloc           28%        N/A       5%          2
 Gell's Gravitas          Tloc           14%        N/A       11%         3
 Lesser Beckoning         Tloc           14%        N/A       11%         3
 Teleport Other           Tloc           14%        N/A       11%         3
 Portal Projectile        Hex/Tloc       16%        N/A       26%         3
 Conjure Flame            Conj/Fire      1%         6-21      54%         3
 Ignite Poison            Fire/Tmut/Pois 1%         N/A       54%         3
 Tukima's Dance           Hex            1%         N/A       54%         3
 Manifold Assault         Tloc           14%        N/A       71%         5
 Sticky Flame             Conj/Fire      1%         2d3       91%         4
 Blade Hands              Tmut           0%         N/A       99%         5


Dungeon Overview and Level Annotations

Branches:
Dungeon (1/15)

Altars:


Innate Abilities, Weirdness & Mutations

You are very small and have problems with some larger weapons.
You are too small for most types of armour.
You have supernaturally acute eyesight. (SInv)
You cover ground extremely quickly. (Speed+++)


Message History

You kill the ball python!
You see here a ball python corpse.
You see here a ball python corpse.
There is a stone staircase leading down here.
You see here a ball python corpse.
A kobold and a hobgoblin come into view.
The kobold shouts!
You barely miss the hobgoblin. The hobgoblin hits you.
You hit the hobgoblin but do no damage. You punch the hobgoblin.
The hobgoblin is heavily wounded.
The hobgoblin hits you.
You hit the hobgoblin.
You kill the hobgoblin!
You barely miss the kobold.
You see here a ball python corpse.
There is a stone staircase leading down here.
You see here a ball python corpse.
You see here a ball python corpse.
Press: ? - help, v - describe, . - travel The floor.
You see here a ball python corpse.
You hit the kobold.
The kobold is moderately wounded.
The kobold completely misses you.
You hit the kobold.
The kobold is severely wounded.
The kobold completely misses you.
You barely miss the kobold.
The kobold is severely wounded.
The kobold closely misses you.
You closely miss the kobold.
The kobold is severely wounded.
You closely miss the kobold.
The kobold is severely wounded.
The kobold hits you with a +0 whip.
* * * LOW HITPOINT WARNING * * *
You closely miss the kobold.
The kobold is severely wounded.
The kobold hits you with a +0 whip.
You die...

#.#....#(# #
#.#....#.#
######.#....#.#
#.......#.#.#.#
#......†#.###.#
#.......#.....####
#.......†........#
#.....K.##.......#
#.....@.##.......#
#......)###......#
######### #......#
#...†..######
#......##....
######..#....
##.†.... ###....
###....


You could see a kobold.

Vanquished Creatures
  4 ball pythons (D:1)
  4 bats (D:1)
  2 hobgoblins (D:1)
  2 quokkas (D:1)
  A goblin (D:1)
  3 kobolds (D:1)
  A rat (D:1)
17 creatures vanquished.

Notes
Turn   | Place    | Note
-------+----------+-------------------------------------------
     0 | D:1      | Hadkhar the Spriggan Warper began the quest for the Orb.
     0 | D:1      | Reached XP level 1. HP: 10/10 MP: 5/5
   393 | D:1      | Found a faded altar of an unknown god.
   411 | D:1      | Reached skill level 1 in Stealth
   471 | D:1      | Reached XP level 2. HP: 11/15 MP: 6/6
   868 | D:1      | Slain by a kobold

Illustrated notes

Levels and vault maps discovered:
D:1:      scummos_arrival_simple_crosswalls, layout_basic,
          hellmonk_ecumenical_altar_heavens_door

Skill      XL: |  1 |
---------------+----+-----
Stealth        | 1 |  1.5
Fighting       | |  1.9
Short Blades   | |  2.6
Throwing       | |  1.0
Dodging        | |  3.6
Spellcasting   | |  2.6
Translocations | |  4.4

Action                   || total
-------------------------++-------
Melee: Short sword       ||    47
       Dagger            ||    27
       Punch             ||     2
 Stab: Sleeping          ||     2
Armor: Robe              ||    10
Dodge: Dodged            ||    64
